 Dungeon Crawl Stone Soup version 0.18.1-50-g88ac8fd (webtiles) character file.

70 draken565 the Magician (level 4, -15/37 HPs)
             Began as a Deep Dwarf Wizard on Nov 21, 2016.
             Demolished by an orc wizard
             ... wielding a +0 dagger of electrocution
              (17 damage)
             ... on level 3 of the Dungeon.
             The game lasted 00:40:26 (2566 turns).

draken565 the Magician (Deep Dwarf Wizard)          Turns: 2566, Time: 00:40:27

Health: -15/37     AC: 10    Str: 11    XL:     4   Next: 3%
Magic:  8/8        EV:  9    Int: 23    God:
Gold:   89         SH:  0    Dex: 11    Spells: 1 memorised, 8 levels left

rFire  . . .     SeeInvis .     a - +0 rapier
rCold  . . .     Gourm    .     N - +0 scale mail
rNeg   . . .     Faith    .     (no shield)
rPois  .         Spirit   .     b - +0 hat
rElec  .         Dismiss  .     u - +0 cloak
rCorr  .         Reflect  .     g - +1 pair of gloves
SustAt .         Harm     .     s - +0 pair of boots (curse)
MR     .....                    (no amulet)
Stlth  +.........               (no ring)
                                M - +4 ring of intelligence

@: non-regenerating, not resistant to hostile enchantments, very unstealthy
A: damage resistance, recharge devices, sense surroundings 1, slow regeneration
3
a: Device Recharging


You were on level 3 of the Dungeon.
You were hungry.

You visited 1 branch of the dungeon, and saw 3 of its levels.

You collected 89 gold pieces.

Inventory:

Hand Weapons
 a - a +0 rapier (weapon)
 i - a +0 hunting sling
 m - a +0 whip
 F - a +0 dagger of venom
 G - a +0 spear
 O - a +0 hand axe
Missiles
 e - 47 bolts
 o - 3 needles of sleeping
 r - 29 sling bullets
 t - 71 stones (quivered)
 L - 10 arrows
Armour
 b - a +0 hat (worn)
 g - a +1 pair of gloves (worn)
 q - a +0 robe
 s - a cursed +0 pair of boots (worn)
 u - a +0 cloak (worn)
 x - a +0 robe
 N - a +0 scale mail (worn)
Jewellery
 M - a +4 ring of intelligence (left hand)
Wands
 d - a wand of heal wounds (3/9)
Scrolls
 j - a scroll of blinking {unknown}
 p - 2 scrolls of identify
 A - 2 scrolls of teleportation {unknown}
 B - a scroll of enchant armour {unknown}
 C - 2 scrolls of remove curse {unknown}
 I - 2 scrolls of fog {unknown}
 J - a scroll of fear {unknown}
Potions
 k - a potion of haste {unknown}
 l - a potion of berserk rage {unknown}
 n - 2 potions of brilliance {unknown}
 v - 3 potions of curing
 H - a potion of agility {unknown}
Books
 c - a book of Minor Magic

   Spells                             Type                      Level
   a - Magic Dart                     Conjuration                  1
   b - Blink                          Translocation                2
   c - Call Imp                       Summoning                    2
   d - Repel Missiles                 Charms/Air                   2
   e - Slow                           Hexes                        2
   f - Conjure Flame                  Conjuration/Fire             3
   g - Mephitic Cloud                 Conjuration/Poison/Air       3
Comestibles
 f - a bread ration
 h - 3 chunks of flesh
 w - a slice of pizza


   Skills:
 + Level 0.5 Fighting
 + Level 0.4 Maces & Flails
 + Level 0.9 Armour
 + Level 3.1 Dodging
 + Level 3.0 Stealth
 + Level 0.6 Unarmed Combat
 + Level 3.1 Spellcasting
 + Level 0.8 Conjurations
   Level 0.8 Summonings
   Level 1.1 Translocations


You had 8 spell levels left.
You knew the following spells:

 Your Spells              Type           Power        Failure   Level  Hunger
a - Magic Dart            Conj           #...         54%         1    None


Dungeon Overview and Level Annotations

Branches:
Dungeon (3/15)

Altars:


Innate Abilities, Weirdness & Mutations

You are resistant to damage.
You can recharge devices by infusing magical energy.
You passively map a small area around you.
You do not regenerate naturally.


Message History

You closely miss the orc wizard.
The orc wizard is moderately wounded.
The orc wizard hits you but does no damage.
You closely miss the orc wizard.
The orc wizard is moderately wounded.
You hear the slow rusting of a very distant drain.
The orc wizard hits you but does no damage.
You hit the orc wizard.
The orc wizard is heavily wounded.
The orc wizard hits you but does no damage. x2
You hit the orc wizard.
The orc wizard is heavily wounded.
The orc wizard hits you but does no damage.
You are electrocuted!
* * * LOW HITPOINT WARNING * * *
You miss the orc wizard.
The orc wizard is heavily wounded.
The orc wizard hits you but does no damage.
You are electrocuted!
You die...

#.# ####### * #.#
#...... *
#.#########.###.# *
#.....<.....# #..
##...#######.###.#
*##รท###.######.....# #
##.##............###
##.#.###o###.#......##.
#(..!.@oo...........#.#
##.#.###.###.#<##.....(
####. * ......##.#.#.#
#. ..######.#.##. *
.o..... ..#.# # ##.* ##
*###.# ,, ,


You could see an orc wizard and 2 orcs.

Vanquished Creatures
  An adder (D:2)
  An ooze (D:2)
  A worm (D:2)
  2 giant geckos
  2 orcs (D:3)
  7 bats
  3 giant cockroaches
  6 goblins
  4 hobgoblins (D:1)
  4 jackals (D:1)
  4 kobolds
  2 ball pythons
  7 giant newts
  4 rats
48 creatures vanquished.

Notes
Turn   | Place    | Note
--------------------------------------------------------------
     0 | D:1      | draken565 the Deep Dwarf Wizard began the quest for the Orb.
     0 | D:1      | Reached XP level 1. HP: 15/15 MP: 4/4
   388 | D:1      | Reached XP level 2. HP: 20/22 MP: 6/6
  1263 | D:1      | Reached XP level 3. HP: 27/28 MP: 7/7
  2532 | D:3      | Reached XP level 4. HP: 28/37 MP: 8/8
  2566 | D:3      | Demolished by an orc wizard

Skill      XL: |  1  2  3 |
---------------+----------+-----
Spellcasting   | 3 |  3.1
Dodging        | 3 |  3.1
Stealth        | 3 |  3.0
Fighting       | |  0.5
Maces & Flails | |  0.4
Armour         | |  0.9
Unarmed Combat | |  0.6
Conjurations   | |  0.8
Summonings     | |  0.8
Translocations | |  1.1

Action                   |  1- 3 |  4- 6 || total
-------------------------+-------+-------++-------
Melee: Unarmed           |    22 |       ||    22
       Whip              |   152 |       ||   152
       Club              |     3 |       ||     3
       Spear             |    30 |       ||    30
       Dagger            |    21 |       ||    21
       Rapier            |    13 |    23 ||    36
 Cast: Magic Dart        |     3 |       ||     3
Evoke: Wand              |     2 |       ||     2
  Use: Scroll            |     1 |       ||     1
  Eat: Chunk             |     2 |       ||     2
       Beef jerky        |     2 |       ||     2
Armor: Robe              |    75 |       ||    75
       Scale mail        |    81 |     8 ||    89
Dodge: Dodged            |   190 |     9 ||   199
